 Dungeon Crawl Stone Soup version 0.30-a0-613-gdd512c7efb (webtiles) character file.

Game seed: 7348697995521194900

9 wormed the Caller (level 2, 0/15 HPs)
             Began as a Deep Elf Summoner on Jan 9, 2023.
             Slain by an endoplasm (2 damage)
             ... on level 1 of the Dungeon.
             The game lasted 00:01:20 (224 turns).

wormed the Caller (Deep Elf Summoner)                Turns: 224, Time: 00:01:21

Health: 0/15       AC:  2    Str:  5    XL:     2   Next: 6%
Magic:  4/8        EV: 12    Int: 19    God:
Gold:   20         SH:  0    Dex: 15    Spells: 7/8 levels left

rFire   . . .      SeeInvis .    (no weapon)
rCold   . . .      Faith    .    (no shield)
rNeg    . . .      Spirit   .    a - +0 robe
rPois   .          Reflect  .    (no helmet)
rElec   .          Harm     .    (no cloak)
rCorr   .          Rampage  .    (no gloves)
Will    .....                    (no boots)
Stlth   ++                       (no amulet)
HPRegen 0.22/turn                (no ring)
MPRegen 0.11/turn                (no ring)

@: no status effects
A: no striking features
a: no special abilities


You were on level 1 of the Dungeon.
You visited 1 branch of the dungeon, and saw 1 of its levels.

You collected 20 gold pieces.

Inventory:

Armour
 a - a +0 robe (worn)
Scrolls
 c - a scroll of torment {unknown}
 e - a scroll of vulnerability {unknown}
Potions
 b - a potion of magic
 d - a potion of heal wounds {unknown}


   Skills:
 - Level 2.4 Dodging
 - Level 2.4 Stealth
 + Level 3.5 Spellcasting
 + Level 4.6 Summonings


You had 7 spell levels left.
You knew the following spells:

 Your Spells              Type           Power      Damage    Failure   Level
a - Summon Small Mammal   Summ           84%        N/A       2%          1

Your spell library contained the following spells:

 Spells                   Type           Power      Damage    Failure   Level
 Call Imp                 Summ           21%        N/A       3%          2
 Call Canine Familiar     Summ           21%        N/A       6%          3
 Summon Guardian Golem    Hex/Summ       12%        N/A       17%         3
 Portal Projectile        Hex/Tloc       6%         N/A       41%         3
 Summon Lightning Spire   Summ/Air       12%        N/A       50%         4
 Leda's Liquefaction      Hex/Erth       1%         N/A       82%         4


Dungeon Overview and Level Annotations

Branches:
Dungeon (1/15)

Altars:


Message History

The goblin dies!
You have reached level 2!
The bat barely misses you. The bat hits you but does no damage.
The bat closely misses you.
The endoplasm jiggles.
The bat attacks as you move away! The bat closely misses you.
The bat hits you but does no damage. The bat barely misses you. x2
The rat bites your rat. The endoplasm closely misses you.
Your rat barely misses the rat.
The bat attacks as you move away! The bat barely misses you.
Your rat closely misses the rat.
The bat hits you but does no damage. The hobgoblin closely misses you.
The endoplasm freezes you.
You are frozen.
* * * LOW HITPOINT WARNING * * *
You hit the bat.
The bat is heavily wounded.
The bat hits you but does no damage. x3; The endoplasm closely misses you.
Your rat closely misses the hobgoblin.
The hobgoblin closely misses you. The bat misses you.
The bat hits you but does no damage. The rat barely misses you.
You hit the bat.
The bat is severely wounded.
The bat closely misses you. The bat hits you but does no damage.
The bat hits your rat but does no damage.
The goblin hits your rat with a +0 club.
The bat closely misses you. The rat bites you.
* * * LOW HITPOINT WARNING * * *
The hobgoblin closely misses you.
Your rat bites the rat.
The bat completely misses you. The bat hits you but does no damage.
The rat closely misses you. The bat hits you.
* * * LOW HITPOINT WARNING * * *
Your rat bites the rat.
The rat dies!
Casting: Summon Small Mammal (safe; 2% risk of failure)
Confirm with . or Enter, or press ? or * to list all spells.
The bat closely misses you. The bat hits you but does no damage.
The hobgoblin misses you. The bat hits you but does no damage.
Your rat misses the goblin. The endoplasm hits you.
You die...

......##r.#
.....g###g##
......# #..##
.......
##..#########
.....#.
##.........#
....# #
####......#
#..)r..#
#rbg†..#
#.g@Jb.#
########


You could see an endoplasm, a hobgoblin, a goblin, 2 bats, a friendly quokka
(summoned) and a friendly rat (summoned).

Vanquished Creatures (collateral kills)
  A bat (D:1)
  2 endoplasms (D:1)
  A goblin (D:1)
  4 frilled lizards (D:1)
  2 rats (D:1)
10 creatures vanquished.

Vanquished Creatures (others)
  A plant (D:1)
1 creature vanquished.

Grand Total: 11 creatures vanquished

Notes
Turn   | Place    | Note
-------+----------+-------------------------------------------
     0 | D:1      | wormed the Deep Elf Summoner began the quest for the Orb.
     0 | D:1      | Reached XP level 1. HP: 10/10 MP: 6/6
   217 | D:1      | Reached XP level 2. HP: 6/15 MP: 4/8
   224 | D:1      | Slain by an endoplasm

Illustrated notes

Levels and vault maps discovered:
D:1:      tarquinn_simple_flora_water_f, layout_rooms,
          nicolae_ecumenical_snake_handling

Action                   || total
-------------------------++-------
Melee: Unarmed           ||     6
 Cast: Summon Small Mamm ||    15
Armor: Robe              ||    20
Dodge: Dodged            ||    62

Table legend: (Time is in decaauts)
 A = Elapsed time spent in this place.
 B = Non-inter-level travel time spent in this place.
 C = Inter-level travel time spent in this place.
 D = Time resting spent in this place.
 E = Time spent auto-exploring this place.
 F = Levels seen in this place.
 G = Mean time per level.
                   A        B        C        D        E       F      G
               +--------+--------+--------+--------+--------+-----+--------+
         Total |    224 |    224 |      0 |      0 |    118 |   1 |  224.0 |
       Dungeon |    224 |    224 |      0 |      0 |    118 |   1 |  224.0 |
               +--------+--------+--------+--------+--------+-----+--------+

Top non-repeatable levels by time:
     D:1: 224 daAuts
